 Dungeon Crawl Stone Soup version 0.29.1-4-g47bece8355 (webtiles) character file.

Game seed: 3208968840400338646

55200 Demz the Nimble (level 14, -1/111 HPs)
             Began as a Merfolk Ice Elementalist on Dec 7, 2022.
             Was a High Priest of Wu Jian.
             Succumbed to a sea snake's poison
             ... on level 2 of the Shoals on Dec 9, 2022.
             The game lasted 04:23:11 (21029 turns).

Demz the Nimble (Merfolk Ice Elementalist)         Turns: 21029, Time: 04:23:12

Health: -1/111     AC: 12    Str: 17    XL:     14   Next: 76%
Magic:  27/28      EV: 26    Int: 21    God:    Wu Jian [*****.]
Gold:   1308       SH:  5    Dex: 14    Spells: 7/34 levels left

rFire   . . .      SeeInvis +   S - +12 long sword of Darkness {elec, rElec rF+ rN+ Int+3}
rCold   + . .      Faith    .   (no shield)
rNeg    + . .      Spirit   .   C - +1 robe "Apayjaci" {Str+7 Stlth+}
rPois   .          Reflect  +   d - +2 helmet
rElec   +          Harm     .   N - +2 cloak
rCorr   .          Rampage  .   r - +2 pair of gloves {infuse}
Will    +....                   (boots currently unavailable)
Stlth   ++........              v - amulet of reflection
HPRegen 0.28/turn               z - ring of ice
MPRegen 0.21/turn               Y - ring of see invisible

@: lethally poisoned (-1 -> -54), exhausted, in a heavenly storm, glowing, very
quick
A: nimble swimmer 2, mertail
a: Renounce Religion, Wall Jump, Serpent's Lash, Heavenly Storm


You were on level 2 of the Shoals.
You worshipped Wu Jian.
Wu Jian was extremely pleased with you.
You visited 3 branches of the dungeon, and saw 17 of its levels.
You also visited: Sewer and Ice Cave.

You collected 1308 gold pieces.

Inventory:

Hand Weapons
 L - a +4 dagger of venom
 S - the +12 long sword of Darkness (weapon) {elec, rElec rF+ rN+ Int+3}
   (You took it off a vampire on level 7 of the Dungeon)

   It occasionally discharges a powerful burst of electricity upon striking a
   foe.
   Int:       It affects your intelligence (+3).
   rF:        It protects you from fire.
   rElec:     It insulates you from electricity.
   rN:        It protects you from negative energy.
 V - a +4 dagger of distortion
Missiles
 s - 11 curare-tipped darts
 w - 27 poisoned darts
 Q - 2 boomerangs of dispersal
 X - 2 atropa-tipped darts
Armour
 d - a +2 helmet (worn)
 r - a +2 pair of gloves of infusion (worn)
 C - the +1 robe "Apayjaci" (worn) {Str+7 Stlth+}
   (You found it on level 5 of the Dungeon)

   Str:       It affects your strength (+7).
   Stlth:     It makes you more stealthy.
 N - a +2 cloak (worn)
 P - a +2 pair of gloves of strength
 W - a +1 pair of boots (melded)
Magical Staves
 y - a staff of conjuration
Jewellery
 h - a ring of fire
 p - a ring of flight
 v - an amulet of reflection (around neck)
 z - a ring of ice (left hand)
 F - a ring of positive energy
 M - an amulet of guardian spirit
 Y - a ring of see invisible (right hand)
Wands
 k - a wand of light (17)
 t - a wand of mindburst (7)
 B - a wand of iceblast (49)
 G - a wand of charming (20)
 Z - a wand of flame (52)
Scrolls
 a - 3 scrolls of identify
 c - 2 scrolls of amnesia
 e - a scroll of brand weapon
 g - 6 scrolls of teleportation
 i - a scroll of magic mapping
 j - 3 scrolls of summoning
 l - 3 scrolls of noise
 n - 2 scrolls of torment
 o - 5 scrolls of vulnerability
 u - 2 scrolls of blinking
 x - 4 scrolls of immolation
 J - 2 scrolls of butterflies
 T - a scroll of enchant weapon
Potions
 b - 4 potions of magic
 f - 2 potions of might
 A - a potion of berserk rage
 D - 3 potions of attraction
 H - a potion of resistance
 I - a potion of degeneration
 K - a potion of lignification
 R - 2 potions of invisibility
 U - 2 potions of flight
Miscellaneous
 q - a tin of tremorstones (2/2)
 O - a phantom mirror


   Skills:
 + Level 10.4 Fighting
 - Level 8.1(10.2) Short Blades
 + Level 9.8(11.1) Long Blades
 + Level 14.2 Dodging
 - Level 2.1 Stealth
 + Level 10.5 Spellcasting
 - Level 2.0 Conjurations
 - Level 7.6 Summonings
 + Level 12.9 Ice Magic
 - Level 2.0 Poison Magic
 - Level 2.0 Evocations


You had 7 spell levels left.
You knew the following spells:

 Your Spells              Type           Power      Damage    Failure   Level
a - Freeze                Ice            100%       1d11      1%          1
b - Frozen Ramparts       Ice            100%       1d16      1%          3
c - Summon Hydra          Summ           21%        N/A       92%         7
d - Hailstorm             Conj/Ice       59%        3d13      2%          4
e - Summon Small Mammal   Summ           100%       N/A       1%          1
f - Olgreb's Toxic Radia  Pois           19%        N/A       26%         4
g - Ozocubu's Armour      Ice            78%        N/A       1%          3
h - Summon Ice Beast      Ice/Summ       69%        N/A       1%          4

Your spell library contained the following spells:

 Spells                   Type           Power      Damage    Failure   Level
 Foxfire                  Conj/Fire      60%        2x1d7     4%          1
 Sting                    Tmut/Pois      60%        1d6       4%          1
 Apportation              Tloc           22%        N/A       6%          1
 Necrotise                Necr           44%        1d6       6%          1
 Poisonous Vapours        Pois/Air       30%        N/A       6%          2
 Static Discharge         Conj/Air       15%        3-5/arc   6%          2
 Sublimation of Blood     Necr           11%        N/A       10%         2
 Wereblood                Tmut           11%        N/A       10%         2
 Conjure Flame            Conj/Fire      15%        6-21      12%         3
 Dazzling Flash           Conj/Hex       30%        N/A       12%         3
 Ignite Poison            Fire/Tmut/Pois 13%        N/A       14%         3
 Inner Flame              Hex/Fire       11%        N/A       19%         3
 Lesser Beckoning         Tloc           11%        N/A       19%         3
 Freezing Cloud           Conj/Ice/Air   24%        6-21      22%         5
 Flame Wave               Conj/Fire      15%        2d7       38%         4
 Petrify                  Tmut/Erth      11%        N/A       52%         4
 Simulacrum               Ice/Necr       27%        N/A       54%         6
 Agony                    Necr           11%        N/A       86%         5
 Silence                  Hex/Air        5%         N/A       86%         5
 Polar Vortex             Ice            39%        N/A       100%        9


Dungeon Overview and Level Annotations

Branches:
Dungeon (12/15)            Temple (0/1) D:6            Lair (3/5) D:11
 Shoals (2/4) Lair:2          Orc (0/2) D:11          Sewer (visited)
  IceCv (visited)
  Snake: Lair:2-3    Spider: Lair:2-3

Altars:
Ashenzari
Nemelex Xobeh
Wu Jian

Shops:
Shoals:1 (

Annotations:
D:2 exclusion: downstairs
Shoals:2 Donald


Innate Abilities, Weirdness & Mutations

You are very nimble when in or above water. (Stealth+, EV+, Speed+++)
Your lower body shifts to a powerful aquatic tail in water.


Message History

Okay, then.
Unknown command.
Unknown command.
You slash the sea snake!
Lightning courses through the sea snake!!
The sea snake is heavily wounded.
* * * LOW HITPOINT WARNING * * *
You feel extremely sick.
You hear a shout!
You hear an angry hiss.
You hear a shout!
The harpy completely misses you. x4; You block the harpy's attack.
The harpy misses you. The sea snake misses you.
As you read the scroll of fear, it crumbles to dust.
You assume a fearsome visage.
The sea snake easily resists.
The sea snake resists with some effort.
The harpy looks frightened! x3
The wind drake looks frightened!
* * * LOW HITPOINT WARNING * * *
You feel extremely sick. You block the sea snake's attack.
The sea snake completely misses you.
Your +1 pair of boots unmelds from your body.
* * * LOW HITPOINT WARNING * * *
You feel extremely sick.
Your muscles tense, ready for explosive movement...
Your legs become a tail as you enter the water.
Your +1 pair of boots melds into your body.
Your supernatural speed expires.
* * * LOW HITPOINT WARNING * * *
You feel extremely sick.
You feel better. The sea snake completely misses you.
You hear an angry hiss.
The sea snake bites you but does no damage.
Okay, then.
Blink to where?
Press: ? - help, Dir - move target, f - you
Okay, then.
You hear an angry hiss.
The sea snake bites you!
* * * LOW HITPOINT WARNING * * *
You are lethally poisoned!
The sea snake poisons you!
You die...

≈≈≈≈≈≈≈≈≈≈≈≈≈≈~≈≈≈≈≈~~
≈≈≈≈≈≈≈≈≈≈≈≈≈≈~~~~~≈≈~~~
≈≈≈≈≈≈≈≈≈≈≈≈≈≈~~~~~≈~~~~
≈≈≈≈~≈≈≈≈≈≈≈≈≈≈~~~~≈~~~~~
≈≈~~~~~≈≈≈≈≈≈≈≈~~~~≈)~~~~
~~~~~~~~≈≈≈≈≈≈≈~~~~~~~~~~
~~~~~~§§§§§≈≈≈~~~~~~~~~..
~~~~~~§☼§§☼≈~~~~~P~P~~~.#
~~~~~~§☼@☼☼~~~~~~P~P~~~..
~~~~~~☼§§☼§~~PP~~~P~~~~..
~~P~~.☼§SPP~~.H.~~P~P~~~~
PPP~~~☼☼SP☼~..##~P≈~Pm~~~
~P~~~~§§§PPP.##.~≈≈~~
~~~~..☼§§§§....~PP≈PP
~~~~.#☼☼§§☼.P.P~.~≈~P
~~H~..☼☼SS☼P...P.P~~~
~~~~~.§§§§☼.#..~.~P~.


You could see a sea snake.

Vanquished Creatures
  A merfolk javelineer (Shoals:1)
  2 merfolk impalers (Shoals:1)
  Harold (D:11)
  The ghost of Yolobob the Destroyer, a journeyman DrCj of Vehumet (Lair:1)
  Fannar (Lair:1)
  3 hydras
  An ironbound frostheart (IceCv)
  Erica (D:8)
  A catoblepas (D:10)
  2 death yaks (IceCv)
  Sonja (D:11)
  The ghost of FaithlessZealot the Changer, a novice DrTm of Sif Muna (D:7)
  2 sea snakes (Shoals:1)
  Pikel (D:4)
  A harpy (Shoals:2)
  3 manticores
  An ugly thing (IceCv)
  A faun (Shoals:1)
  Maurice (D:11)
  3 cyclopes (D:7)
  2 merfolk sirens (Shoals:1)
  A water nymph (Shoals:1)
  3 black mambas (Lair:1)
  A torpor snail (Lair:1)
  Maggie (D:8)
  A gargoyle (D:7)
  A rime drake (Lair:1)
  2 kobold demonologists (D:10)
  2 cane toads
  An unseen horror zombie (D:10)
  2 komodo dragons
  An unseen horror (D:10)
  Psyche (D:8)
  7 merfolk
  2 hornets
  10 polar bears (IceCv)
  2 trolls (D:11)
  3 snapping turtles
  A wind drake (Lair:2)
  3 shadows (D:10)
  A water elemental (Shoals:1)
  A wraith (D:10)
  4 vampires
  A basilisk (Lair:1)
  4 wyverns
  48 yaks
  2 steam dragons
  5 water moccasins
  4 wargs
  4 acid dragons
  2 black bears (D:7)
  A sky beast (D:7)
  2 orc warriors
  2 ogres
  14 centaurs
  21 wolves
  3 lemures (D:5)
  5 kobold brigands
  9 bullfrogs
  3 necrophages (D:7)
  3 scorpions
  8 wights
  A cane toad simulacrum (Lair:1)
  5 killer bees (D:10)
  4 electric eels
  2 howler monkeys (D:7)
  5 centaur zombies (D:10)
  5 hounds
  3 orc priests
  A gnoll bouda (D:6)
  Ijyb (D:3)
  Terence (D:3)
  3 iguanas (D:7)
  10 orc wizards
  A wolf simulacrum (Lair:1)
  10 gnolls
  11 adders
  3 river rats (D:5)
  3 shadow imps
  2 white imps
  7 worms
  A dart slug (D:5)
  30 orcs
  7 bats
  15 endoplasms
  10 giant cockroaches
  10 goblins
  12 hobgoblins
  5 jackals
  15 quokkas
  9 ball pythons
  13 frilled lizards
  9 kobolds
  10 rats
447 creatures vanquished.

Vanquished Creatures (collateral kills)
  A sea snake (Shoals:1)
  A polar bear (IceCv)
2 creatures vanquished.

Vanquished Creatures (others)
  A white imp (D:7)
  13 fungi
  31 plants
  2 withered plants (D:10)
47 creatures vanquished.

Grand Total: 496 creatures vanquished

Notes
Turn   | Place    | Note
-------+----------+-------------------------------------------
     0 | D:1      | Demz the Merfolk Ice Elementalist began the quest for the
                  | Orb.
     0 | D:1      | Reached XP level 1. HP: 13/13 MP: 3/3
   263 | D:1      | Reached XP level 2. HP: 19/19 MP: 3/5
   983 | D:2      | Reached XP level 3. HP: 24/24 MP: 1/6
  1166 | D:2      | Reached skill level 5 in Ice Magic
  1323 | D:2      | Found a faded altar of an unknown god.
  1359 | D:2      | Prayed at the altar of an unknown god.
  1359 | D:2      | Became a worshipper of the Wu Jian Council
  1359 | D:2      | Reached * piety under Wu Jian
  1473 | D:2      | Learned a level 3 spell: Frozen Ramparts
  1807 | D:2      | Reached XP level 4. HP: 30/30 MP: 0/8
  2270 | D:3      | Noticed Terence
  2464 | D:3      | Noticed Ijyb
  2480 | D:3      | Killed Ijyb
  2481 | D:3      | Reached skill level 3 in Dodging
  2824 | D:3      | Reached XP level 5. HP: 35/35 MP: 8/10
  2960 | D:4      | Reached ** piety under Wu Jian
  2981 | D:4      | Reached skill level 1 in Short Blades
  3159 | D:5      | Entered Level 5 of the Dungeon
  3218 | D:5      | Reached skill level 4 in Dodging
  3218 | D:5      | Reached XP level 6. HP: 29/41 MP: 1/11
  3410 | D:5      | Found a glowing drain.
  3482 | Sewer    | Entered a sewer
  3758 | Sewer    | Reached *** piety under Wu Jian
  3952 | Sewer    | Reached XP level 7. HP: 45/46 MP: 6/13
  4121 | D:5      | Noticed Pikel
  4457 | D:4      | Reached skill level 5 in Dodging
  5046 | D:5      | Reached **** piety under Wu Jian
  5107 | D:5      | Identified the +1 robe "Apayjaci" {Str+7 Stlth+}
  5325 | D:3      | Killed Terence
  5505 | D:4      | Killed Pikel
  5506 | D:4      | Reached skill level 6 in Dodging
  5506 | D:4      | Reached skill level 5 in Spellcasting
  5506 | D:4      | Reached XP level 8. HP: 12/52 MP: 6/15
  5868 | D:5      | Learned a level 7 spell: Summon Hydra
  5873 | D:5      | Learned a level 4 spell: Hailstorm
  5955 | D:6      | Found a staircase to the Ecumenical Temple.
  5961 | D:6      | Reached skill level 5 in Short Blades
  6162 | D:6      | Reached skill level 1 in Summonings
  6346 | D:6      | Reached skill level 1 in Conjurations
  6346 | D:6      | Found a broken altar of Ashenzari.
  6484 | D:6      | Found a sparkling altar of Nemelex Xobeh.
  6663 | D:6      | Reached skill level 7 in Dodging
  6678 | D:6      | Reached XP level 9. HP: 57/57 MP: 6/17
  7134 | D:7      | Reached skill level 1 in Fighting
  7573 | D:7      | Reached skill level 8 in Dodging
  7726 | D:7      | Found a runed translucent door.
  7726 | D:7      | Noticed FaithlessZealot's ghost (novice DrTm)
  8003 | D:7      | Noticed a manticore
  8026 | D:7      | Killed a manticore
  8027 | D:7      | Reached XP level 10. HP: 60/70 MP: 11/19
  8167 | D:7      | Noticed a cyclops
  8404 | D:7      | Paralysed by a hornet for 1 turns
  8719 | D:7      | Noticed a cyclops
  8763 | D:7      | Noticed a gargoyle
  8783 | D:7      | Killed a cyclops
  8897 | D:7      | Killed a gargoyle
  8898 | D:7      | Reached skill level 9 in Dodging
  9442 | D:7      | Got the Cyclopedia of Discontinuous Transmigration
  9451 | D:7      | Identified the +0 chain mail of Untruth {Str+2}
  9635 | D:7      | Reached ***** piety under Wu Jian
  9719 | D:7      | Killed a cyclops
  9720 | D:7      | Reached skill level 5 in Summonings
  9722 | D:7      | Learned a level 1 spell: Summon Small Mammal
  9944 | D:7      | Killed FaithlessZealot's ghost
  9945 | D:7      | Reached skill level 5 in Fighting
  9945 | D:7      | Reached XP level 11. HP: 69/79 MP: 17/21
 10132 | D:7      | Identified the +12 long sword of Darkness {elec, rElec rF+
                  | rN+ Int+3}
 10329 | D:7      | Noticed a cyclops
 10341 | D:7      | Killed a cyclops
 10342 | D:7      | Reached skill level 1 in Long Blades
 10361 | D:8      | Noticed Psyche
 10380 | D:8      | Killed Psyche
 10381 | D:8      | Reached skill level 10 in Dodging
 10769 | D:8      | Noticed Maggie
 10787 | D:8      | Killed Maggie
 11013 | D:8      | Noticed Erica
 11019 | D:8      | Killed Erica
 11855 | D:10     | Entered Level 10 of the Dungeon
 12059 | D:10     | Learned a level 4 spell: Olgreb's Toxic Radiance
 12099 | D:10     | Reached skill level 10 in Ice Magic
 12099 | D:10     | Reached skill level 1 in Evocations
 12465 | D:10     | Reached skill level 1 in Poison Magic
 12481 | D:10     | Reached XP level 12. HP: 53/89 MP: 16/24
 12695 | D:10     | Noticed a catoblepas
 12700 | D:10     | Killed a catoblepas
 12829 | D:11     | Found a staircase to the Orcish Mines.
 12837 | D:10     | Reached skill level 11 in Dodging
 13100 | D:10     | Noticed a soul eater
 13265 | D:10     | Learned a level 3 spell: Ozocubu's Armour
 13370 | D:10     | Reached XP level 13. HP: 98/98 MP: 25/25
 13698 | D:11     | Reached skill level 12 in Dodging
 13814 | D:11     | Found a staircase to the Lair.
 13915 | D:11     | Noticed Sonja
 13935 | D:11     | Killed Sonja
 14210 | D:11     | Paralysed by a hornet for 3 turns
 14366 | D:11     | Noticed Maurice
 14374 | D:11     | Killed Maurice
 14738 | D:11     | Noticed Harold
 14760 | D:11     | Killed Harold
 15221 | Lair:1   | Entered Level 1 of the Lair of Beasts
 15228 | Lair:1   | Identified the +4 battleaxe of Peownixe {vorpal, rN+ rCorr
                  | Int+2}
 15418 | Lair:1   | Found a frozen archway.
 15430 | IceCv    | Entered an ice cave
 16172 | IceCv    | Reached skill level 13 in Dodging
 16332 | IceCv    | Reached XP level 14. HP: 62/108 MP: 27/27
 16945 | IceCv    | Got the Spellbook of Cloudy Cold
 16960 | IceCv    | Learned a level 4 spell: Summon Ice Beast
 17858 | Lair:1   | Noticed Fannar
 17875 | Lair:1   | Killed Fannar
 17882 | Lair:1   | Found a runed translucent door.
 17882 | Lair:1   | Noticed Yolobob's ghost (journeyman DrCj)
 18009 | Lair:1   | Killed Yolobob's ghost
 18010 | Lair:1   | Reached skill level 10 in Spellcasting
 18963 | Lair:2   | Found a staircase to the Shoals.
 18976 | Shoals:1 | Entered Level 1 of the Shoals
 18993 | Shoals:1 | Reached skill level 10 in Fighting
 19889 | Shoals:1 | Reached skill level 14 in Dodging
 20578 | Shoals:1 | Found Qah Mom's Weapon Boutique.
 20863 | Shoals:2 | Noticed Donald
 21025 | Shoals:2 | HP: 3/111 [poisoned by a sea snake]
 21029 | Shoals:2 | Succumbed to a sea snake's poison

Illustrated notes

Levels and vault maps discovered:
D:1:      nicolae_arrival_washed_ashore, layout_basic
D:2:      layout_basic, shapermc_ecumenical_altar_ellora
D:3:      kennysheep_the_goblin_king, layout_rooms, uniq_terence
D:4:      layout_loops_cross, grunt_decor_cap
D:5:      layout_rooms, lightli_sewer_entry_pipes, nicolae_ossuary_entry_ruins,
          amcnicky_mini_rare_corridor_liquid, st_stairs_8, minivault_27,
          uniq_pikel
D:6:      layout_loops_cross, jmf_multi_god_temple, temple_fountains,
          kennysheep_nondescript, chequers_serial_rivers_large_a,
          minmay_misc_feat_tiny, hangedman_decor_push,
          minmay_fractal_squares_gapless_5
D:7:      minmay_the_grid_octo_tiled_octocenter [minmay_the_grid_octo_clover,
          minmay_the_grid_octo_concentric, minmay_the_grid_octo_clover_2,
          minmay_the_grid_octo_fan_narrow,
          minmay_the_grid_octo_prize_square_snowflake,
          minmay_the_grid_square_5x5_trominoes,
          minmay_the_grid_square_5x5_shuriken,
          minmay_the_grid_square_5x5_doubleslash,
          minmay_the_grid_square_5x5_intrusive_squares], layout_basic,
          ebering_ghost_reflecting_pool, serial_corexii_hall,
          corexii_hall_statues_x, corexii_hall_statues_i
D:8:      layout_basic, uniq_maggie, uniq_psyche, uniq_erica
D:9:      layout_basic
D:10:     layout_loops_cross, serial_undead, serial_undead_f, serial_undead_f,
          serial_undead_f, serial_undead_b, st_stairs_7, serial_bayou_lagoon_a
D:11:     layout_irregular_city, lair_entry_dummy, minmay_orc_entry_guard_dogs,
          gauntlet_entry_generic, uniq_harold, uniq_sonja, uniq_maurice
D:12:     layout_basic, serial_shops, nicolae_square_shop,
          grunt_dithmenos_shadows, uniq_lodul
Lair:1:   cheibrodos_lair_river_kwai, layout_loops_ring, gammafunk_ghost_grave,
          portal_ice_cave_entry_ice_simulacra, serial_bayou_shore_a, uniq_fannar
Lair:2:   nzn_winding_woodlands_small [nzn_winding_woodlands_5x15_sidewinder,
          nzn_winding_woodlands_center_garden,
          nzn_winding_woodlands_5x15_jagged], layout_layer_cave,
          elwin_shoals_entry_rocks, uniq_nergalle
Lair:3:   layout_cave_pods, nicolae_spider_entry_non_spiders,
          ebering_ghost_funeral_grove, serial_bayou_pond_a
Shoals:1: layout_shoals, serial_shops, nicolae_shop_bloodbath_and_beyond,
          nicolae_shoals_seven_spires
Shoals:2: layout_shoals, serial_shops, shop, uniq_donald

Skill      XL: |  1  2  3  4  5  6  7  8  9 10 11 12 13 14 |
---------------+-------------------------------------------+-----
Ice Magic      | 5 6 7 8 9 10 11 12 | 12.9
Spellcasting   | 3 4 5 6 7 8 9 10 | 10.5
Dodging        | 3 4 6 7 8 9 10 11 13 14 | 14.2
Short Blades   | 1 3 4 5 6 8 |  8.1
Summonings     | 2 3 5 6 7 |  7.6
Conjurations   | 1 2 |  2.0
Fighting       | 3 5 6 7 9 10 | 10.4
Long Blades    | 4 6 8 9 |  9.8
Evocations     | 2 |  2.0
Poison Magic   | 1 2 |  2.0
Stealth        | |  2.1

Action                   |  1- 3 |  4- 6 |  7- 9 | 10-12 | 13-15 || total
-------------------------+-------+-------+-------+-------+-------++-------
Melee: Unarmed           |     2 |       |       |    16 |     8 ||    26
       Dagger            |     3 |    83 |    94 |    62 |       ||   242
       Tailslap          |       |     7 |       |       |       ||     7
       Punch             |       |       |     1 |     5 |     4 ||    10
       Long sword        |       |       |       |   139 |   336 ||   475
 Cast: Freeze            |    58 |    78 |   123 |    74 |    39 ||   372
       Frozen Ramparts   |     4 |    20 |    31 |    46 |    41 ||   142
       Hailstorm         |       |       |     2 |    16 |    21 ||    39
       Ozocubu's Armour  |       |       |       |       |    13 ||    13
       Summon Ice Beast  |       |       |       |       |    10 ||    10
Invok: Lunge             |     2 |     3 |     1 |     9 |    11 ||    26
       Whirlwind         |       |    31 |    13 |     1 |     2 ||    47
       Serpent's Lash    |       |       |     2 |     2 |     2 ||     6
       Heavenly Storm    |       |       |       |     1 |     1 ||     2
 Abil: Wall Jump         |       |     1 |     9 |     1 |       ||    11
Evoke: Wand              |       |       |     6 |     3 |       ||     9
       Phantom mirror    |       |       |       |       |     1 ||     1
  Use: Scroll            |       |     9 |     3 |     5 |     8 ||    25
       Potion            |       |     2 |     2 |     7 |     4 ||    15
 Stab: Sleeping          |     2 |     2 |     1 |     7 |     9 ||    21
       Distracted        |       |     1 |       |       |     3 ||     4
       Invisible         |       |       |       |     1 |       ||     1
Armor: Robe              |     1 |       |    24 |    70 |   135 ||   230
       Leather armour    |     8 |    38 |    17 |       |       ||    63
       Skin              |     1 |       |       |       |     1 ||     2
Dodge: Dodged            |    25 |    59 |   110 |   182 |   375 ||   751
Block: Other             |       |       |    14 |    61 |   106 ||   181
       Reflection        |       |       |     2 |     3 |    12 ||    17
